 Dungeon Crawl Stone Soup version 0.23.0 (webtiles) character file.

Game seed: 9963210506635934648

893 Monsterracer the Chopper (level 7, 26/62 HPs)
             Began as a Deep Dwarf Ice Elementalist on Feb 10, 2019.
             Was a Follower of Yredelemnul.
             Quit the game on level 7 of the Dungeon.
             The game lasted 00:09:13 (5107 turns).

Monsterracer the Chopper (DDIE)                     Turns: 5107, Time: 00:09:14

Health: 26/62      AC: 13    Str: 14    XL:     7   Next: 78%
Magic:  6/6        EV:  7    Int: 15    God:    Yredelemnul [*.....]
Gold:   371        SH:  0    Dex: 13    Spells: 9/9 levels left

rFire    + . .     SeeInvis .   a - +1 hand axe
rCold    . . .     Gourm    .   (no shield)
rNeg     . . .     Faith    .   i - +0 chain mail
rPois    +         Spirit   .   v - +0 helmet
rElec    .         Reflect  .   (no cloak)
rCorr    .         Harm     +   l - +0 pair of gloves
MR       +....                  g - +1 pair of boots
Stlth    ..........             h - amulet of harm
HPRegen  0.00/turn              F - ring of protection from fire {!d}
MPRegen  0.10/turn              P - ring of poison resistance {!d}

@: non-regenerating
A: damage resistance, heal wounds, sense surroundings 1, no regeneration
a: Heal Wounds, Animate Remains, Renounce Religion


You were on level 7 of the Dungeon.
You worshipped Yredelemnul.
Yredelemnul was aware of your devotion.
You were not hungry.

You visited 1 branch of the dungeon, and saw 7 of its levels.

You collected 371 gold pieces.

Inventory:

Hand Weapons
 a - a +1 hand axe (weapon)
 b - a +0 flail
Armour
 g - a +1 pair of boots (worn)
 i - a +0 chain mail (worn)
 l - a +0 pair of gloves (worn)
 v - a +0 helmet (worn)
Jewellery
 h - an amulet of harm (around neck)
 t - an uncursed ring of protection from fire {!d}
 F - a ring of protection from fire (left hand) {!d}
 P - a ring of poison resistance (right hand) {!d}
Scrolls
 f - a scroll of fear {!r}
 r - 3 scrolls of remove curse
 u - a scroll of fog
Potions
 d - a potion of heal wounds
 e - 2 potions of curing
 j - 2 potions of flight
 k - 2 potions of lignification
 m - a potion of berserk rage {!q}
 o - a potion of resistance
 p - 2 potions of agility
 q - a potion of might
 s - a potion of brilliance
Comestibles
 c - 7 rations
 n - a chunk of flesh


   Skills:
 + Level 3.6 Fighting
 * Level 6.0 Axes
 + Level 3.4 Armour
 - Level 3.3 Dodging
 - Level 2.4 Stealth
 - Level 1.7 Spellcasting
   Level 0.8 Conjurations
   Level 2.6 Ice Magic
 + Level 4.1 Invocations


You had 9 spell levels left.
You didn't know any spells.
Your spell library contained the following spells:

 Spells                   Type           Power        Failure   Level  Hunger
 Freeze                   Ice            #...         87%         1    ##.....
 Throw Frost              Conj/Ice       #.....       98%         2    ###....
 Confusing Touch          Hex            #.....       99%         1    ##.....
 Confuse                  Hex            #.......     100%        3    ####...
 Gell's Gravitas          Tloc           #.........   100%        3    ####...
 Ozocubu's Armour         Chrm/Ice       #.......     100%        3    ####...
 Petrify                  Tmut/Erth      #.......     100%        4    #####..
 Summon Ice Beast         Ice/Summ       #.......     100%        4    #####..
 Throw Icicle             Conj/Ice       #.......     100%        4    #####..
 Metabolic Englaciation   Hex/Ice        #.........   100%        5    ######.
 Yara's Violent Unravell  Hex/Tmut       #.........   100%        5    ######.


Dungeon Overview and Level Annotations

Branches:
Dungeon (7/15)             Temple (0/1) D:5

Altars:
Dithmenos
Elyvilon
Kikubaaqudgha
Makhleb
Okawaru
Qazlal
Ru
Trog
Vehumet
Yredelemnul


Innate Abilities, Weirdness & Mutations

You are resistant to damage.
You can heal yourself by infusing magical energy.
You passively map a small area around you.
You do not regenerate.


Message History

You take 7 damage, and have 26/62 hp.
You hit the iguana.
The iguana is heavily wounded.
The iguana bites you.
* * * LOW HITPOINT WARNING * * *
Your iguana zombie bites the iguana!
The iguana dies!
Yredelemnul accepts your kill.
Your Invocations skill increases to level 4!
You take 2 damage, and have 24/62 hp.
You see here an iguana corpse.
You butcher the iguana corpse.
n - 3 chunks of flesh You see here an iguana skeleton.
There is a stone staircase leading down, spattered with blood here.
You feel much better.
You regained 14 hp, and now have 38/62 hp.
You start resting.
Eating one of 3 chunks of flesh.
You eat one of the 3 chunks of flesh.
This raw flesh tastes terrible.
You are feeling hungry.
Eating one of 2 chunks of flesh.
You eat one of the 2 chunks of flesh.
This raw flesh tastes terrible.
Magic restored.
MP restored: 6 You climb downwards.
Your mindless thrall stays behind.
The jelly hits you but does no damage. The jelly hits you.
You are splashed with acid!
There is a stone staircase leading up, spattered with blood here.
You take 6 damage, and have 32/62 hp.
You hit the jelly but do no damage.
Your hands burn!
The jelly closely misses you.
The adder hisses angrily.
You slash the jelly!
Your hands burn!
The jelly is severely wounded.
The jelly hits you but does no damage.
You hit the jelly.
Your hands burn!
The jelly is severely wounded.
The jelly hits you but does no damage.
You hit the jelly.
You kill the jelly!
Yredelemnul accepts your kill.
Your Axes skill increases to level 6!
You hit the adder.
The adder is lightly wounded.
The adder bites you but does no damage.
You closely miss the adder.
The adder is lightly wounded.
The adder barely misses you.
You hit the adder.
The adder is moderately wounded.
The adder barely misses you. The adder bites you but does no damage.
You miss the adder.
The adder is moderately wounded.
The adder bites you but does no damage.
You hit the adder.
The adder is heavily wounded.
The adder bites you but does no damage.
You hit the adder.
You kill the adder!
Yredelemnul accepts your kill.
Found a helmet.
A jackal zombie comes into view.
Found an escape hatch in the ceiling.
You see here a helmet.
v - a helmet The jackal zombie barely misses you.
Your chain mail prevents you from hitting the jackal zombie.
The jackal zombie barely misses you.
You hit the jackal zombie.
The jackal zombie is moderately damaged.
The jackal zombie barely misses you.
You hit the jackal zombie.
The jackal zombie is severely damaged.
The jackal zombie bites you but does no damage.
The jackal zombie closely misses you.
You slash the jackal zombie!
You destroy the jackal zombie!
Yredelemnul accepts your kill.
Wear which item? (? for menu, Esc to quit)
You start putting on your armour.
You continue putting on your helmet.
Keep equipping yourself? [Y]es or [N]o only, please.
Keep equipping yourself?
You continue putting on your helmet. x3
You finish putting on your +0 helmet.
You hit the hippogriff.
The hippogriff is lightly wounded.
The hippogriff bites you.
* * * LOW HITPOINT WARNING * * *
The hippogriff pecks you. The hippogriff claws you.
You take 5 damage, and have 27/62 hp.
You hit the hippogriff.
The hippogriff is moderately wounded.
The hippogriff bites you but does no damage.
The hippogriff pecks you.
* * * LOW HITPOINT WARNING * * *
The hippogriff closely misses you.
You take 1 damage, and have 26/62 hp.
Unknown command.
Are you sure you want to abandon this character and quit the game? (Confirm with "yes".)

... , * #......... ,
#........ ,
#......., , , * ,
........######* * **
.... ......###
#######.####......#
#.................#
#.....<......@....#
,
*#..........##H#.###
#..........##.#<# ,
#....>.....##.#.# ,,
,
#.......!.####....,,
.....[....# #.... ,
#.....##### #..... ,
#.....* #.#.## ,
..#.#*


You could see a hippogriff.

Vanquished Creatures
  A water moccasin (D:5)
  An ice beast (D:6)
  A phantom (D:4)
  A bullfrog (D:6)
  A scorpion (D:6)
  A water moccasin skeleton (D:6)
  3 hounds
  A bullfrog skeleton (D:5)
  2 jellies
  An iguana (D:6)
  2 worker ants
  A howler monkey skeleton (D:2)
  6 adders
  An adder skeleton (D:4)
  A worm (D:3)
  A dart slug (D:1)
  2 leopard geckos (D:5)
  9 orcs
  A ball python (D:2)
  6 bats
  A bat zombie (D:5)
  4 giant cockroaches
  4 hobgoblins
  11 jackals
  2 quokkas
  4 frilled lizards
  5 goblins
  2 jackal zombies
  10 kobolds
  A quokka zombie (D:5)
  4 rats
91 creatures vanquished.

Vanquished Creatures (collateral kills)
  A hound (D:6)
  An orc priest (D:6)
  An iguana (D:6)
  A worker ant (D:6)
4 creatures vanquished.

Vanquished Creatures (others)
  A wizard (D:5)
1 creature vanquished.

Grand Total: 96 creatures vanquished

Notes
Turn   | Place    | Note
-------+----------+-------------------------------------------
     0 | D:1      | Monsterracer the Deep Dwarf Ice Elementalist began the
                  | quest for the Orb.
     0 | D:1      | Reached XP level 1. HP: 15/15 MP: 3/3
   121 | D:1      | Reached skill level 1 in Fighting
   237 | D:1      | Reached XP level 2. HP: 20/25 MP: 4/4
   405 | D:1      | Reached skill level 1 in Axes
   759 | D:2      | Reached XP level 3. HP: 22/31 MP: 5/5
   954 | D:2      | Reached skill level 2 in Axes
  1087 | D:2      | Reached XP level 4. HP: 23/39 MP: 6/6
  1489 | D:3      | Found a white marble altar of Elyvilon.
  1596 | D:3      | HP: 11/39 [worm (9)]
  1604 | D:3      | HP: 6/39 [worm (5)]
  1684 | D:3      | HP: 19/39 [adder (1)]
  1692 | D:3      | HP: 16/39 [adder (3)]
  1756 | D:3      | Found a basalt altar of Yredelemnul.
  1879 | D:3      | Became a worshipper of Yredelemnul the Dark
  1914 | D:3      | Found a shadowy altar of Dithmenos.
  1916 | D:3      | Found an iron altar of Okawaru.
  1922 | D:3      | HP: 13/39 [something (3)]
  1932 | D:3      | HP: 7/39 [something (4)]
  1938 | D:3      | HP: 19/39 [something (1)]
  2024 | D:3      | Found a burning altar of Makhleb.
  2024 | D:3      | Noticed a blizzard demon
  2027 | D:3      | Noticed a ynoxinul
  2027 | D:3      | Noticed a neqoxec
  2258 | D:3      | Found a faded altar of an unknown god.
  2394 | D:4      | HP: 17/39 [adder skeleton (1)]
  2399 | D:4      | Reached skill level 3 in Axes
  2411 | D:4      | Found a sacrificial altar of Ru.
  2472 | D:4      | Reached XP level 5. HP: 36/45 MP: 6/6
  2558 | D:4      | Got a steaming dagger
  2576 | D:4      | Noticed a phantom
  2621 | D:4      | Found a radiant altar of Vehumet.
  2634 | D:4      | HP: 22/45 [phantom (4)]
  2665 | D:4      | HP: 19/45 [phantom (2)]
  2670 | D:4      | Killed a phantom
  2670 | D:4      | Reached skill level 1 in Armour
  2670 | D:4      | Reached skill level 1 in Invocations
  2699 | D:4      | Reached skill level 4 in Axes
  3154 | D:5      | Entered Level 5 of the Dungeon
  3200 | D:5      | Reached XP level 6. HP: 39/55 MP: 7/7
  3561 | D:5      | Found a bloodstained altar of Trog.
  3562 | D:5      | Noticed a wizard
  3567 | D:5      | Killed a wizard
  3659 | D:5      | Found a staircase to the Ecumenical Temple.
  3747 | D:5      | Noticed a water moccasin
  3777 | D:5      | HP: 25/55 [poisoned by a water moccasin]
  3781 | D:5      | HP: 12/55 [water moccasin (3)]
  3786 | D:5      | Killed a water moccasin
  3809 | D:5      | HP: 14/56 [hound (2)]
  4096 | D:5      | Found an ancient bone altar of Kikubaaqudgha.
  4145 | D:6      | HP: 25/56 [acid (5)]
  4150 | D:6      | HP: 14/56 [jelly (1)]
  4150 | D:6      | HP: 4/56 [acid (10)]
  4167 | D:6      | HP: 12/56 [jackal (1)]
  4172 | D:6      | HP: 8/56 [jackal (2)]
  4180 | D:6      | HP: 25/56 [jackal (1)]
  4192 | D:6      | HP: 23/56 [jackal (2)]
  4199 | D:6      | HP: 22/56 [jackal (1)]
  4213 | D:6      | Reached skill level 5 in Axes
  4213 | D:6      | Reached XP level 7. HP: 44/62 MP: 6/6
  4310 | D:6      | Reached * piety under Yredelemnul
  4414 | D:6      | HP: 29/62 [iguana (6)]
  4419 | D:6      | HP: 17/62 [iguana (6)]
  4723 | D:6      | Found a stormy altar of Qazlal.
  4861 | D:7      | HP: 31/62 [orc priest/+2 falchion of freezing (1)]
  4897 | D:7      | HP: 30/62 [hound (1)]
  4905 | D:6      | HP: 21/62 [bullfrog (2)]
  4914 | D:6      | HP: 18/62 [hound (2)]
  5058 | D:6      | HP: 26/62 [iguana (7)]
  5075 | D:7      | Reached skill level 6 in Axes
  5099 | D:7      | Noticed a hippogriff
  5105 | D:7      | HP: 27/62 [hippogriff (5)]
  5107 | D:7      | Quit the game

Skill      XL: |  1  2  3  4  5  6  7 |
---------------+----------------------+-----
Fighting       | 1 2 3 |  3.6
Axes           | 1 2 3 4 5 6 |  6.0
Dodging        | 3 |  3.3
Armour         | 1 2 3 |  3.4
Invocations    | 2 3 4 |  4.1
Stealth        | |  2.4
Spellcasting   | |  1.7
Conjurations   | |  0.8
Ice Magic      | |  2.6

Action                   |  1- 3 |  4- 6 |  7- 9 || total
-------------------------+-------+-------+-------++-------
Melee: Hand axe          |   127 |   279 |    97 ||   503
       Unarmed           |     7 |       |       ||     7
       Short sword       |     1 |       |       ||     1
 Cast: Freeze            |    19 |     3 |       ||    22
Invok: Animate Remains   |       |       |     1 ||     1
 Abil: Heal Wounds       |       |     9 |     3 ||    12
  Use: Scroll            |       |    20 |     2 ||    22
       Potion            |       |     1 |       ||     1
 Stab: Sleeping          |     1 |       |       ||     1
  Eat: Chunk             |     1 |     6 |     5 ||    12
       Ration            |       |     1 |       ||     1
Armor: Robe              |     5 |       |       ||     5
       Ring mail         |    45 |    37 |       ||    82
       Chain mail        |       |   127 |    83 ||   210
Dodge: Dodged            |   116 |   125 |    33 ||   274

Levels and vault maps discovered:
D:1:      mushboom_english_gardens, layout_rooms, chequers_serial_rivers_micro_c
D:2:      layout_basic
D:3:      layout_basic, kennysheep_ying_yang, nicolae_overflow_hidden_temple,
          chequers_ecumenical_altar_grove, makhleb_altar_promises_db
D:4:      layout_gridville, nicolae_ru_awakened_eye,
          nicolae_overflow_crystal_walls, first_ration
D:5:      layout_loops_corners, lemuel_zombie_altar_kikubaaqudgha,
          minmay_temple_entry_nine_rooms, trog_wizard
D:6:      layout_basic, kennysheep_little_box
D:7:      layout_basic, serial_shops, shop
